 Dungeon Crawl Stone Soup version 0.28.0-53-g5a82cb258f (webtiles) character file.

Game seed: 2572694373981888220

7 protoss039 the Digger (level 1, -1/14 HPs)
             Began as a Demonspawn Earth Elementalist on June 1, 2022.
             Slain by a kobold
             ... wielding a +3 short sword
              (4 damage)
             ... on level 1 of the Dungeon.
             The game lasted 00:00:46 (557 turns).

protoss039 the Digger (DsEE)                         Turns: 557, Time: 00:00:46

Health: -1/14      AC:  2    Str:  8    XL:     1   Next: 83%
Magic:  0/3        EV: 12    Int: 16    God:
Gold:   26         SH:  0    Dex: 13    Spells: 3/4 levels left

rFire   . . .      SeeInvis .   (no weapon)
rCold   . . .      Faith    .   (no shield)
rNeg    . . .      Spirit   .   b - +0 robe
rPois   .          Reflect  .   (no helmet)
rElec   .          Harm     .   (no cloak)
rCorr   .          Rampage  .   (no gloves)
Will    .....                   (no boots)
Stlth   ++........              (no amulet)
HPRegen 0.04/turn               (no ring)
MPRegen 0.08/turn               (no ring)

@: very slightly contaminated
A: no striking features
a: no special abilities


You were on level 1 of the Dungeon.
You visited 1 branch of the dungeon, and saw 1 of its levels.

You collected 26 gold pieces.

Inventory:

Missiles
 c - 20 stones
 g - 2 poisoned darts (quivered)
Armour
 b - a +0 robe (worn)
Scrolls
 a - a scroll of enchant armour {unknown}
 f - a scroll of teleportation {unknown}
Potions
 d - a potion of mutation {unknown}
 e - 2 potions of degeneration {unknown}


   Skills:
 * Level 0.7 Fighting
 + Level 0.2 Armour
 - Level 1.7 Dodging
 - Level 1.7 Stealth
 + Level 2.1 Spellcasting
 - Level 1.0 Transmutations
 + Level 2.8 Earth Magic


You had 3 spell levels left.
You knew the following spells:

 Your Spells              Type           Power      Damage    Failure   Level
a - Sandblast             Erth           20%        2d7       7%          1

Your spell library contained the following spells:

 Spells                   Type           Power      Damage    Failure   Level
 Passwall                 Tmut/Erth      5%         N/A       14%         2
 Stone Arrow              Conj/Erth      12%        3d7       34%         3
 Petrify                  Tmut/Erth      7%         N/A       67%         4


Dungeon Overview and Level Annotations

Branches:
Dungeon (1/15)

Altars:


Message History

The kobold is heavily wounded.
c - 21 stones The kobold misses you.
Unknown command.
Casting: Sandblast (safe; 7% risk of failure)
Confirm with . or Enter, or press ? or * to list all spells.
Aiming: Sandblast (safe; 7% risk of failure)
Press: ? - help, Shift-Dir - straight line, f/p - kobold
Aim: a kobold, wielding a +3 short sword (heavily wounded, 74% to hit)
The blast of sand hits the kobold but does no damage.
The kobold is heavily wounded.
c - 20 stones The kobold hits you with a +3 short sword.
Casting: Sandblast (safe; 7% risk of failure)
Confirm with . or Enter, or press ? or * to list all spells.
Aiming: Sandblast (safe; 7% risk of failure)
Press: ? - help, Shift-Dir - straight line, f/p - kobold
Aim: a kobold, wielding a +3 short sword (heavily wounded, 74% to hit)
You miscast Sandblast.
You are very lightly contaminated with residual magic.
Nothing appears to happen.
The kobold barely misses you.
Unknown command.
Unknown command.
You closely miss the kobold.
The kobold is heavily wounded.
The kobold hits you with a +3 short sword.
You barely miss the kobold.
The kobold is heavily wounded.
The kobold hits you with a +3 short sword.
You barely miss the kobold.
The kobold is heavily wounded.
The kobold hits you with a +3 short sword.
You barely miss the kobold.
The kobold is heavily wounded.
The kobold hits you with a +3 short sword.
* * * LOW HITPOINT WARNING * * *
You hit the kobold.
The kobold is severely wounded.
The kobold hits you with a +3 short sword.
You die...

#..#...#.#.#.#.#...#...#
......#..#.#.#..#.....##
#....#..#..#..#..#.....#
##..#...#..#..#...#.......
. .....#...#...#......##.#
###........#........#.# .#
###..............##.# #
#######.#.#.##.# .#
#.#...@K.# #.######......
#.# #..... #.# ..## #.# .#
#.# # ... #.# #.#


You could see a kobold.

Vanquished Creatures
  A bat (D:1)
  2 endoplasms (D:1)
  A hobgoblin (D:1)
  A ball python (D:1)
  A rat (D:1)
6 creatures vanquished.

Notes
Turn   | Place    | Note
-------+----------+-------------------------------------------
     0 | D:1      | protoss039 the Demonspawn Earth Elementalist began the
                  | quest for the Orb.
     0 | D:1      | Reached XP level 1. HP: 13/13 MP: 3/3
    60 | D:1      | Reached skill level 1 in Transmutations
   557 | D:1      | Slain by a kobold

Illustrated notes

Levels and vault maps discovered:
D:1:      minmay_arrival_radiant_lines, layout_loops_cross,
          supply_closet_lemuel, minmay_box_of_dots

Skill      XL: |  1 |
---------------+----+-----
Transmutations | 1 |  1.0
Fighting       | |  0.7
Armour         | |  0.2
Dodging        | |  1.7
Stealth        | |  1.7
Spellcasting   | |  2.1
Earth Magic    | |  2.8

Action                   || total
-------------------------++-------
Melee: Unarmed           ||     7
Throw: Dart              ||     2
 Cast: Sandblast         ||    10
Armor: Robe              ||     1
Dodge: Dodged            ||     5
